 Dungeon Crawl Stone Soup version 0.23-b1-51-gfe822ef6ca (webtiles) character file.

Game seed: 4766412783814300939

214 H0rd4k the Charlatan (level 6, -8/64 HPs)
             Began as a Human Artificer on Feb 4, 2019.
             Killed by divine providence
             ... invoked by an orc priest
              (10 damage)
             ... on level 5 of the Dungeon.
             The game lasted 00:07:27 (3618 turns).

H0rd4k the Charlatan (Human Artificer)              Turns: 3618, Time: 00:07:28

Health: -8/64      AC:  3    Str: 19    XL:     6   Next: 14%
Magic:  8/8        EV: 13    Int: 17    God:
Gold:   254        SH:  4    Dex: 14    Spells: 5/5 levels left

rFire    . . .     SeeInvis .   a - +0 short sword
rCold    . . .     Gourm    .   (no shield)
rNeg     . . .     Faith    .   b - +0 leather armour
rPois    .         Spirit   .   (no helmet)
rElec    .         Reflect  .   (no cloak)
rCorr    .         Harm     .   (no gloves)
MR       +....                  (no boots)
Stlth    ..........             (no amulet)
HPRegen  0.00/turn              r - +6 ring of intelligence
MPRegen  0.11/turn              (no ring)

@: berserking, very quick
A: large bone plates 1, blurry vision 1, magic resistance 1, inhibited
regeneration, evolution 2
a: no special abilities


You were on level 5 of the Dungeon.
You were hungry.

You visited 1 branch of the dungeon, and saw 5 of its levels.

You collected 254 gold pieces.

Inventory:

Hand Weapons
 a - a +0 short sword (weapon)
 i - a +0 spear of piercing
 j - a +0 long sword
 t - a +0 rapier
Armour
 b - a +0 leather armour (worn)
Jewellery
 r - a +6 ring of intelligence (left hand)
Wands
 c - a wand of flame (4)
 d - a wand of enslavement (25)
Scrolls
 g - 2 scrolls of identify {unknown}
 l - 2 scrolls of amnesia {unknown}
 m - 4 scrolls of remove curse {unknown}
 o - a scroll of magic mapping {unknown}
 p - 5 scrolls of immolation {unknown}
 s - 2 scrolls of teleportation {unknown}
 v - a scroll of enchant armour {unknown}
Potions
 h - a potion of degeneration {unknown}
 k - a potion of resistance
 q - 2 potions of might {unknown}
 u - 2 potions of magic {unknown}
 w - a potion of agility {unknown}
 x - 2 potions of heal wounds {unknown}
Comestibles
 f - 11 rations


   Skills:
 + Level 1.5 Fighting
 + Level 3.1 Short Blades
 + Level 2.3 Armour
 + Level 3.2 Dodging
 + Level 1.6 Stealth
 + Level 3.5 Evocations


You had 5 spell levels left.
You didn't know any spells.
Your spell library was empty.

Dungeon Overview and Level Annotations

Branches:
Dungeon (5/15)
 Temple: D:4-7

Altars:
Cheibriados
Uskayaw

Annotations:
D:1 exclusion: downstairs
D:4 exclusion: downstairs


Innate Abilities, Weirdness & Mutations

You are partially covered in large bone plates. (SH +4)
Scrolls take you a little longer to read.
You are resistant to hostile enchantments. (MR+)
You do not regenerate when monsters are visible.
You rapidly evolve.


Message History

You hit the orc priest.
The orc priest is severely wounded.
The orc priest hits you with a cursed +0 falchion.
You hit the orc priest.
The orc priest is severely wounded.
The orc priest invokes the aid of Beogh against you.
Beogh smites you!
* * * LOW HITPOINT WARNING * * *
You hit the orc priest but do no damage.
The orc priest is severely wounded.
The crimson imp grinds its teeth.
You hit the orc priest.
The orc priest is almost dead.
The orc priest hits you with a cursed +0 falchion!
* * * LOW HITPOINT WARNING * * *
A red film seems to cover your vision as you go berserk!
You feel yourself moving faster!
You feel mighty!
The orc priest calls down the wrath of Beogh upon you.
Beogh smites you!
You die...

#### ... #.. #.# + #.#
#.##.#############
#.....#..........#
........########@#####
............#...o....#
........###.#...?5...#
.###.....<# #.....?..#
. #....### #....)...#
#...... #........#
#.....## #........#
#...... #........#
#...... ####+#####


You could see an orc priest and a crimson imp.

Vanquished Creatures
  3 orc priests
  Terence (D:2)
  3 adders
  A worm (D:2)
  2 dart slugs
  2 leopard geckos (D:3)
  6 orcs (D:3)
  3 giant cockroaches
  4 hobgoblins
  10 jackals
  A quokka (D:3)
  2 ball pythons
  10 bats
  3 frilled lizards (D:2)
  5 goblins
  4 kobolds
  8 rats
68 creatures vanquished.

Notes
Turn   | Place    | Note
-------+----------+-------------------------------------------
     0 | D:1      | H0rd4k the Human Artificer began the quest for the Orb.
     0 | D:1      | Reached XP level 1. HP: 15/15 MP: 3/3
   349 | D:1      | Reached XP level 2. HP: 11/21 MP: 4/4
   753 | D:2      | Reached XP level 3. HP: 14/26 MP: 5/5
  1168 | D:2      | Reached skill level 1 in Armour
  1182 | D:2      | Gained mutation: You evolve. [potion of mutation]
  1182 | D:2      | Gained mutation: You are partially covered in large bone
                  | plates. (SH +4) [potion of mutation]
  1182 | D:2      | Gained mutation: You rapidly evolve. [potion of mutation]
  1182 | D:2      | Gained mutation: You are resistant to hostile enchantments.
                  | (MR+) [potion of mutation]
  1185 | D:2      | Gained mutation: Scrolls take you a little longer to read.
                  | [evolution]
  1384 | D:2      | Noticed Terence
  1492 | D:2      | Reached XP level 4. HP: 16/32 MP: 6/6
  1684 | D:2      | Killed Terence
  1744 | D:3      | Found a snail-covered altar of Cheibriados.
  2185 | D:3      | Reached XP level 5. HP: 36/37 MP: 7/7
  2693 | D:4      | Gained mutation: You do not regenerate when monsters are
                  | visible. [evolution]
  3512 | D:5      | Entered Level 5 of the Dungeon
  3512 | D:5      | Found a hide-covered altar of Uskayaw.
  3588 | D:5      | Reached XP level 6. HP: 43/43 MP: 8/8
  3617 | D:5      | HP: 1/43 [orc priest/cursed +0 falchion (7)]
  3618 | D:5      | Killed from afar by an orc priest

Skill      XL: |  1  2  3  4  5 |
---------------+----------------+-----
Armour         | 1 2 |  2.3
Short Blades   | 2 3 |  3.1
Dodging        | 3 |  3.2
Fighting       | |  1.5
Stealth        | |  1.6
Evocations     | |  3.5

Action                   |  1- 3 |  4- 6 || total
-------------------------+-------+-------++-------
Melee: Short sword       |   136 |   160 ||   296
Evoke: Wand              |     5 |    21 ||    26
  Use: Potion            |     5 |     1 ||     6
 Stab: Sleeping          |     1 |     1 ||     2
       Paralysed         |       |     4 ||     4
  Eat: Chunk             |     1 |     7 ||     8
Armor: Leather armour    |    54 |    32 ||    86
Dodge: Dodged            |    90 |   109 ||   199
Block: Other             |     4 |    29 ||    33
